AoeStats
← snowshawnskate

Arabia

510920442Analyzed
1v1 RM · 12h ago on Oct 3, 2026· 47m 53s· 2 players
Game mode
Random Map
Map size
Tiny (2 player)
Population
200
Speed
Normal
Resources
Standard
Victory
Conquest
Starting age
Dark Age
Ending age
Imperial Age
RankedLock teamsTeams togetherTeam positionsShared explorationLock speedFull tech treeHidden civsTurbo modeCheats
Victory
Defeat
🇺🇸 Malians · United States
1970
+18
🇨🇳 Wu · China
2020
-18
snowshawnskate
8:30 Feudal Age
8:31 Man-at-Arms
8:59 Double-Bit Axe
10:28 Arson
12:31 Loom
13:38 Fletching
16:26 Wheelbarrow
20:35 Castle Age
20:48 Bloodlines
20:43 Fishing Lines
21:05 Crossbowman
23:01 Bodkin Arrow
26:13 Ballistics
26:50 Fishing Lines
29:00 Padded Archer Armor
36:53 Imperial Age
34:57 Gillnets
35:19 Bow Saw
34:38 Elite Skirmisher
35:35 Scale Mail Armor
35:41 Horse Collar
38:46 Chemistry
37:38 Treadmill Crane
38:30 Leather Archer Armor
38:52 Squires
39:08 Chain Mail Armor
40:35 Ring Archer Armor
40:39 Heavy Plow
41:10 Conscription
41:02 Forging
41:12 Masonry
43:11 Plate Mail Armor
42:12 Long Swordsman
43:29 Iron Casting
43:13 Hand Cart
42:44 Two-Handed Swordsman
44:06 Champion
45:07 Capped Ram
47:18 Town Watch
47:42 Scale Barding Armor
46:58 Light Cavalry
47:38 Husbandry
半月回淑
6:23 Loom
9:18 Feudal Age
9:22 Man-at-Arms
12:13 Double-Bit Axe
12:58 Horse Collar
21:03 Castle Age
19:40 Fletching
22:48 Bodkin Arrow
23:04 Town Watch
24:08 Bow Saw
24:49 Padded Archer Armor
26:05 Wheelbarrow
28:11 Leather Archer Armor
30:33 Squires
30:36 Scale Mail Armor
32:32 Ballistics
35:53 Red Cliffs Tactics
36:14 Pikeman
37:20 Hand Cart
36:27 Pikeman
38:09 Chain Mail Armor
41:12 Imperial Age
39:41 Chain Mail Armor
42:29 Plate Mail Armor
42:40 Bracer
43:17 Elite Fire Archer
44:07 Gold Mining
46:59 Sitting Tiger
47:10 Heavy Plow
47:29 Forging
47:25 Scale Barding Armor
47:32 Bloodlines
47:22 Husbandry
46:43 Light Cavalry
Connection lost

Rejoining the realm…

Still unreachable

The connection could not be restored.

Session expired

The server has moved on; the page needs a fresh start.